[Event "Team 45 45 League T58"]
[Site "Internet Chess Club"]
[Date "2013.08.23"]
[Round "1"]
[White "lacibacsi"]
[Black "Helaman"]
[Result "0-1"]
[WhiteElo "1958"]
[BlackElo "2002"]
[Opening "Four knights: Scotch, 4...exd4"]
[ECO "C47"]
[Time "16:01:06"]
[TimeControl "2700+45"]

1. e4 e5 2. Nf3 Nc6 3. Nc3 Nf6 4. d4 exd4 5. Nxd4 Bb4 6. Nxc6 bxc6 7. Bd3 O-O 8.
O-O d5 9. exd5 cxd5 10. Bg5 c6 11. Na4 h6 12. Bh4 Re8 13. c4 Be6 14. cxd5 Bxd5
15. a3 Be7 16. Nc3 Rb8 17. b4 g5 18. Bg3 Bd6 19. Nxd5 cxd5 20. Rc1 Bxg3 21. hxg3
Kg7 22. Qa4 Re7 23. Rfe1 Rc8 24. Rcd1 Rxe1+ 25. Rxe1 Rc3 26. Bf5 Qb6 27. b5 Qc5
28. Qb4 Qxb4 29. axb4 Rb3 30. Ra1 Rxb4 31. Rxa7 Rxb5 32. Be6 Rb1+ 33. Kh2 Re1
34. Rxf7+ Kg6 35. Rxf6+ Kxf6 36. Bxd5 Re2 37. f3 Rd2 38. Bc6 Rc2 39. Be4 Ra2 40.
g4 Ke5 41. Kg3 Re2 42. Bc6 Re3 43. Kf2 Kd4 44. g3 Rc3 45. Ba4 Ra3 46. Bd1 Ra2+
47. Be2 Rb2 48. f4 Ke4 49. f5 Rd2 50. f6 Rd6 51. Bf3+ Kd3 52. Be2+ Kd2 53. Bc4
Rxf6+ 54. Kg2 Ke3 55. Bb5 Rf2+ 56. Kg1 Kf3 57. Bd7 Kxg3 58. Bf5 {White resigns}
0-1

[Event "Team 45 45 League T58"]
[Site "Internet Chess Club"]
[Date "2013.08.23"]
[Round "1"]
[White "TwoEqualsOne"]
[Black "Tobiasdelmonte"]
[Result "1-0"]
[WhiteElo "1808"]
[BlackElo "1835"]
[Opening "King's Indian: 4.e4"]
[ECO "E70"]
[Time "22:00:43"]
[TimeControl "2700+45"]

1. d4 Nf6 2. c4 g6 3. Nc3 Bg7 4. e4 O-O 5. Bd3 d6 6. Nf3 Na6 7. O-O c5 8. d5 Nc7
9. h3 a6 10. a4 e6 11. Be3 Bd7 12. e5 Nfe8 13. exd6 Nxd6 14. Bxc5 Nce8 15. Rb1
Qc7 16. Ba3 b6 17. a5 Bxc3 18. axb6 Qxb6 19. bxc3 Qc7 20. Re1 Nf6 21. c5 Nb5 22.
Bxb5 axb5 23. d6 Qb7 24. Bb4 Bc6 25. c4 Bxf3 26. gxf3 Nh5 27. Bc3 Rae8 28. cxb5
Nf4 29. c6 Qb6 30. Qd4 Qxd4 31. Bxd4 Nd5 32. d7 Rb8 33. b6 Ne7 34. c7 Ra8 {Black
resigns} 1-0

[Event "Team 45 45 League T58"]
[Site "Internet Chess Club"]
[Date "2013.08.23"]
[Round "1"]
[White "scottk74"]
[Black "latayvia"]
[Result "0-1"]
[WhiteElo "1646"]
[BlackElo "1691"]
[Opening "Caro-Kann: Panov-Botvinnik attack"]
[ECO "B13"]
[Time "18:00:37"]
[TimeControl "2700+45"]

1. e4 c6 2. d4 d5 3. exd5 cxd5 4. c4 Nf6 5. Nf3 g6 6. Bd3 Bg7 7. O-O O-O 8. cxd5
Nxd5 9. Nc3 Bg4 10. h3 Bxf3 11. Qxf3 Nxc3 12. Qxb7 Qd5 {White resigns} 0-1

[Event "Team 45 45 League T58"]
[Site "Internet Chess Club"]
[Date "2013.08.24"]
[Round "1"]
[White "JudgementAwaits"]
[Black "fireball"]
[Result "1-0"]
[WhiteElo "1594"]
[BlackElo "1740"]
[Opening "English opening"]
[ECO "A10"]
[Time "09:00:52"]
[TimeControl "2700+45"]

1. c4 g5 2. Nc3 Bg7 3. g3 g4 4. e4 d6 5. Nge2 e5 6. Bg2 Be6 7. d3 Nd7 8. O-O h5
9. Be3 h4 10. Qd2 Bh6 11. b3 c6 12. d4 f5 13. exf5 Bxf5 14. d5 Bxe3 15. Qxe3 c5
16. f4 gxf3 17. Qxf3 Nh6 18. Qh5+ Ke7 19. Qg5+ Nf6 20. Qg7+ Nf7 21. Rxf5 Rh6 22.
Ne4 Qh8 23. Qxh8 Raxh8 24. Raf1 Ng4 25. Rxf7+ Kd8 26. Rxb7 Ne3 27. Rff7 Nxg2 28.
Rb8# {Black checkmated} 1-0

[Event "Team 45 45 League T58"]
[Site "Internet Chess Club"]
[Date "2013.08.25"]
[Round "1"]
[White "fledermaus"]
[Black "mmf00"]
[Result "1-0"]
[WhiteElo "1940"]
[BlackElo "1999"]
[Opening "Bogo-Indian defense"]
[ECO "E11"]
[Time "10:02:40"]
[TimeControl "2700+45"]

1. d4 Nf6 2. c4 e6 3. Nf3 Bb4+ 4. Bd2 a5 5. Qc2 d5 6. Nc3 O-O 7. e3 b6 8. cxd5
exd5 9. Bd3 Ba6 10. O-O Bxd3 11. Qxd3 Nbd7 12. Rac1 c6 13. Ne2 Bxd2 14. Qxd2 Ne4
15. Qd3 Rc8 16. Nf4 Re8 17. Rfd1 Qe7 18. Qb3 Qd8 19. Nd3 f6 20. Rc2 Qe7 21. Rdc1
Qd6 22. Nf4 Kh8 23. a3 b5 24. Nxd5 a4 25. Qa2 c5 26. dxc5 Rxc5 27. Rxc5 Ndxc5
28. Nc3 Nxc3 29. bxc3 Nb3 30. Re1 Qc5 31. Qb2 Rc8 32. Rd1 h6 33. Nd4 Qxc3 34.
Qxc3 Rxc3 35. Nxb5 Rc5 36. Nd4 Rc3 37. Nb5 Rc5 38. Nd6 Rc2 39. g3 Kg8 40. Nb5
Rc5 41. Rd8+ Kh7 42. Nd4 Rc3 43. Nb5 Rc5 44. Rb8 Kg6 45. Kg2 Nd2 46. Rb7 Nb1 47.
Nd4 Nxa3 48. Rxg7+ Kxg7 49. Ne6+ Kf7 50. Nxc5 Nc4 51. Nxa4 Kg6 52. Nc5 f5 53. h3
h5 54. h4 Kf6 55. Nd3 Kg6 56. Nf4+ Kh6 57. Kf3 Nd2+ 58. Ke2 Ne4 59. Ke1 Nf6 60.
f3 Kg7 61. Kd2 Kf7 62. Kd3 Kg7 63. Kd4 Kh6 64. Ke5 Nd7+ 65. Kxf5 Nf8 66. e4 Nd7
67. e5 Nf8 68. e6 Nxe6 69. Kxe6 Kh7 70. Nxh5 Kg6 71. f4 Kxh5 72. f5 Kh6 73. f6
Kg6 74. f7 Kg7 75. Ke7 Kh7 76. f8=Q Kg6 77. Qf6+ Kh7 78. Qg5 {Black resigns} 1-0

[Event "Team 45 45 League T58"]
[Site "Internet Chess Club"]
[Date "2013.08.24"]
[Round "1"]
[White "Goldenberg"]
[Black "jonesey"]
[Result "1-0"]
[WhiteElo "1891"]
[BlackElo "1798"]
[Opening "Bishop's opening: Berlin defense"]
[ECO "C24"]
[Time "15:00:33"]
[TimeControl "2700+45"]

1. e4 e5 2. Bc4 Nf6 3. d3 Bc5 4. Nc3 Nc6 5. f4 d6 6. Nf3 a6 7. Nd5 Ng4 8. Rf1
Nxh2 9. Nxh2 Qh4+ 10. Kd2 Qxh2 11. Nxc7+ Kd8 12. Nxa8 Nd4 13. Rf2 Nxc2 14. Kxc2
Bxf2 15. fxe5 Qxg2 16. exd6 Bg4 17. Qd2 Kd7 18. Nb6+ Kc6 19. Nd5 b5 20. Bb3 Kd7
21. Kb1 Qf1 22. Qg5 Rc8 23. Qe7+ Kc6 24. a4 Qxd3+ 25. Bc2 Qc4 26. axb5+ Qxb5 27.
Ba4 {Black resigns} 1-0

[Event "Team 45 45 League T58"]
[Site "Internet Chess Club"]
[Date "2013.08.25"]
[Round "1"]
[White "gcl"]
[Black "zigzag2002"]
[Result "0-1"]
[WhiteElo "1668"]
[BlackElo "2040"]
[Opening "Sicilian: Labourdonnais-Löwenthal (Kalashnikov) variation"]
[ECO "B32"]
[Time "16:03:49"]
[TimeControl "2700+45"]

1. e4 c5 2. Nf3 Nc6 3. d4 cxd4 4. Nxd4 e5 5. Nb5 d6 6. N1c3 a6 7. Na3 b5 8. Nd5
Nge7 9. Bg5 f6 10. Qh5+ g6 11. Nxf6+ Kf7 12. Qh4 h6 13. Nd5 hxg5 14. Qxh8 Qa5+
15. c3 Bg7 16. Qh7 Be6 17. h4 Rh8 18. Qxh8 Bxh8 19. hxg5 Bg7 20. Rd1 Bxd5 21.
exd5 Nb8 22. Rd3 e4 23. Rd2 Nd7 24. Nc2 Nf5 25. g4 Ne7 26. Bg2 Qxa2 27. Ne3 Nc5
28. b4 Nd3+ 29. Ke2 Nf4+ {White resigns} 0-1

[Event "Team 45 45 League T58"]
[Site "Internet Chess Club"]
[Date "2013.08.25"]
[Round "1"]
[White "JustinL"]
[Black "leland"]
[Result "1-0"]
[WhiteElo "2057"]
[BlackElo "1897"]
[Opening "French defense, Steiner variation"]
[ECO "C00"]
[Time "18:00:17"]
[TimeControl "2700+45"]

1. e4 e6 2. c4 e5 3. Nf3 Nc6 4. d4 exd4 5. Nxd4 Ne5 6. Bf4 Ng6 7. Bg3 Nf6 8. Bd3
d6 9. O-O Be7 10. Nc3 O-O 11. Nd5 Ne5 12. Qc2 Nxd3 13. Qxd3 Nxd5 14. cxd5 Bf6
15. Rac1 Re8 16. Nb5 Re7 17. Qc2 Bg4 18. f3 Bh5 19. Nxc7 Rc8 20. Ne6 Rxc2 21.
Nxd8 Rxc1 22. Rxc1 h6 23. b3 Rd7 24. Nxb7 Rxb7 25. Bxd6 Bd4+ 26. Kf1 f6 27. Rc8+
Kf7 28. Rf8+ Kg6 29. g4 Bxg4 30. fxg4 Kg5 31. h3 Rd7 32. Bg3 Re7 33. d6 Rd7 34.
Re8 Bc5 35. e5 fxe5 36. Rxe5+ {Black resigns} 1-0

[Event "Team 45 45 League T58"]
[Site "Internet Chess Club"]
[Date "2013.08.22"]
[Round "1"]
[White "LiangLiang"]
[Black "spuzzy"]
[Result "1/2-1/2"]
[WhiteElo "1872"]
[BlackElo "1883"]
[Opening "Ruy Lopez: closed, Breyer, Borisenko variation"]
[ECO "C95"]
[Time "17:00:50"]
[TimeControl "2700+45"]

1. e4 e5 2. Nf3 Nc6 3. Bb5 a6 4. Ba4 Nf6 5. O-O Be7 6. Re1 b5 7. Bb3 d6 8. h3
O-O 9. c3 Nb8 10. d4 Nbd7 11. Bg5 Bb7 12. Nbd2 Re8 13. Bc2 c5 14. Nf1 h6 15.
Bxf6 Bxf6 16. d5 c4 17. Ne3 g6 18. Ng4 Bg7 19. Qd2 Kh7 20. b3 cxb3 21. axb3 Rc8
22. Ne3 Nf6 23. c4 Nh5 24. g3 Rc7 25. Kg2 Qd7 26. Ra5 Rb8 27. Qe2 Bc8 28. Bd3
Qxh3+ 29. Kg1 bxc4 30. Bxc4 f5 31. exf5 gxf5 32. Nh4 Nxg3 33. fxg3 Qxg3+ 34.
Nhg2 f4 35. Nf1 Qg5 36. Nd2 Bg4 37. Nf3 Qh5 38. Rf1 Re8 39. Bd3+ Kg8 40. Rxa6 e4
41. Bxe4 Bd4+ 42. Rf2 Bxf2+ 43. Kxf2 Rce7 44. Nxf4 Qf7 45. Ra4 Bf5 46. Ne6 Bxe6
47. dxe6 Rxe6 48. Qd3 Kf8 49. Rd4 Qa7 50. Bf5 Re2+ 51. Qxe2 Rxe2+ 52. Kxe2 Qa2+
53. Nd2 Qa1 54. Kd3 Qa5 55. Bd7 Ke7 56. Nc4 Qa8 57. Rxd6 Qf3+ 58. Kc2 Qg2+ 59.
Kc3 h5 60. b4 h4 61. Rd3 Qg7+ 62. Kb3 Qg6 63. Ne5 Qe4 64. Nc6+ Kf6 65. Rd6+ Kg5
66. Rd4 Qf3+ 67. Kc4 h3 68. Bxh3 Qxc6+ 69. Kb3 Qf3+ 70. Ka4 Qxh3 71. b5 Qc3 72.
Rb4 Kf5 73. b6 Qa1+ 74. Kb5 Qa8 75. Rc4 Ke6 76. Rc6+ Kd7 77. Rc7+ Kd6 78. b7 Qa2
79. Rc6+ Kd7 80. Rb6 Qb3+ {Game drawn by mutual agreement} 1/2-1/2

[Event "Team 45 45 League T58"]
[Site "Internet Chess Club"]
[Date "2013.08.24"]
[Round "1"]
[White "IshanR"]
[Black "joebobpop"]
[Result "1-0"]
[WhiteElo "1905"]
[BlackElo "1810"]
[Opening "Vienna gambit: Paulsen attack"]
[ECO "C29"]
[Time "22:00:20"]
[TimeControl "2700+45"]

1. e4 e5 2. Nc3 Nf6 3. f4 d5 4. fxe5 Nxe4 5. Qf3 Nxc3 6. dxc3 Nc6 7. Qg3 Qe7 8.
Nf3 Bf5 9. Bd3 Bg6 10. O-O Bxd3 11. cxd3 h6 12. Nh4 g5 13. Nf5 Qd7 14. Be3 Ne7
15. Nd4 Nc6 16. Rae1 Nxd4 17. Bxd4 c5 18. e6 fxe6 19. Bxh8 O-O-O 20. Qe5 Re8 21.
Rf6 Bd6 22. Qe2 Rxh8 23. Qxe6 Bb8 24. Rf7 Qxe6 25. Rxe6 b6 26. Ree7 a6 27. Re6
Bf4 28. Rxb6 c4 29. Rc6+ Kd8 30. dxc4 dxc4 31. Rxa6 Bb8 32. a4 Re8 33. Kf2 Re7
34. Rxe7 Kxe7 35. Rxh6 {Black resigns} 1-0

[Event "Team 45 45 League T58"]
[Site "Internet Chess Club"]
[Date "2013.08.23"]
[Round "1"]
[White "DouDou"]
[Black "gandre"]
[Result "1/2-1/2"]
[WhiteElo "1888"]
[BlackElo "1806"]
[Opening "Caro-Kann: Steinitz variation"]
[ECO "B17"]
[Time "19:44:23"]
[TimeControl "2700+45"]

1. e4 c6 2. d4 d5 3. Nc3 dxe4 4. Nxe4 Nd7 5. Nf3 Ngf6 6. Nxf6+ Nxf6 7. Be2 Bg4
8. O-O e6 9. h3 Bh5 10. Bf4 Bd6 11. Ne5 Bxe2 12. Qxe2 Qc7 13. c4 c5 14. d5 O-O
15. dxe6 Rae8 16. Nd3 Rxe6 17. Qf3 Rfe8 18. Rad1 Bxf4 19. Nxf4 Re4 20. Nd5 Nxd5
21. cxd5 Qd6 22. Rd2 R4e5 23. Qg3 Qa6 24. Ra1 Qd6 25. Rf1 Qa6 26. Ra1 Qd6 27.
Rf1 {Game drawn by repetition} 1/2-1/2

[Event "Team 45 45 League T58"]
[Site "Internet Chess Club"]
[Date "2013.08.25"]
[Round "1"]
[White "kyoroogi"]
[Black "steadman"]
[Result "1-0"]
[WhiteElo "2142"]
[BlackElo "2102"]
[Opening "Sicilian: Nimzovich-Rossolimo attack (without ...d6)"]
[ECO "B30"]
[Time "19:00:17"]
[TimeControl "2700+45"]

1. e4 c5 2. Nf3 Nc6 3. Bb5 d6 4. O-O Bd7 5. Re1 Nf6 6. c3 a6 7. Bf1 Bg4 8. d4
Bxf3 9. gxf3 e5 10. d5 Ne7 11. f4 exf4 12. Bxf4 Ng6 13. Bg3 Be7 14. Nd2 h5 15.
h3 h4 16. Bh2 Nh5 17. Nc4 b5 18. Ne3 Bf6 19. a4 b4 20. cxb4 Bxb2 21. Rb1 Bc3 22.
Nf5 Bxe1 23. Nxd6+ Kf8 24. Qxe1 Ngf4 25. bxc5 Rh6 26. Qe3 Qg5+ 27. Kh1 Kg8 28.
Rb7 Rf6 29. e5 Rg6 30. Nxf7 Qf5 31. Nd6 Qc2 32. Nc4 Qd1 33. Nd2 Nxh3 34. Rb1
Nxf2+ 35. Qxf2 Qxa4 36. d6 Ng3+ 37. Bxg3 hxg3 38. Bc4+ Kh8 39. Qf3 Rg8 40. Kg2
Rh6 41. Rh1 Rxh1 42. Kxh1 Qa1+ 43. Qf1 g2+ 44. Kxg2 Qxe5 45. Qh1+ {Black
resigns} 1-0

[Event "Team 45 45 League T58"]
[Site "Internet Chess Club"]
[Date "2013.08.25"]
[Round "1"]
[White "CHENENE"]
[Black "ben622"]
[Result "1/2-1/2"]
[WhiteElo "1575"]
[BlackElo "2014"]
[Opening "Grünfeld: Spassky variation, main line, 13.Bd3"]
[ECO "D89"]
[Time "18:39:37"]
[TimeControl "2700+45"]

1. c4 Nf6 2. Nc3 d5 3. d4 g6 4. cxd5 Nxd5 5. e4 Nxc3 6. bxc3 Bg7 7. Bc4 c5 8.
Ne2 Nc6 9. Be3 O-O 10. O-O cxd4 11. cxd4 Na5 12. Bd3 Bg4 13. f3 Be6 14. Qa4 a6
15. Rac1 b5 16. Qa3 Nc4 17. Bxc4 Bxc4 18. Rfe1 Bxe2 19. Rxe2 Bxd4 20. Kf2 e5 21.
Rec2 Bxe3+ 22. Qxe3 Qa5 23. Qc3 Qxc3 24. Rxc3 Rfd8 25. Ke3 Rd6 26. Rc5 Rad8 27.
Rxe5 Rd3+ 28. Kf4 Rd2 29. a3 Ra2 30. Rc7 Rxa3 31. Ree7 Rf8 32. e5 Ra4+ 33. Ke3
Rc4 34. Rxc4 bxc4 35. Rc7 Rb8 36. Rxc4 Rb2 37. g4 Rb3+ 38. Ke4 a5 39. Ra4 Rb4+
40. Rxb4 axb4 41. Kd4 Kf8 42. Kc4 Ke7 43. Kxb4 Ke6 44. f4 Kd5 45. h4 Ke4 46. Kc5
Kxf4 47. Kd6 Kxg4 48. Ke7 Kf5 49. Kxf7 Kxe5 50. Kg7 g5 51. hxg5 Kf5 52. Kh6 Kg4
53. Kxh7 Kxg5 {Game drawn because neither player has mating material} 1/2-1/2

[Event "Team 45 45 League T58"]
[Site "Internet Chess Club"]
[Date "2013.08.24"]
[Round "1"]
[White "Otelo"]
[Black "primerpaso"]
[Result "0-1"]
[WhiteElo "1807"]
[BlackElo "1909"]
[Opening "Sicilian: Grand Prix attack"]
[ECO "B23"]
[Time "21:00:45"]
[TimeControl "2700+45"]

1. e4 c5 2. Nc3 Nc6 3. f4 g6 4. Nf3 Bg7 5. Bb5 Nd4 6. O-O e6 7. Bd3 Ne7 8. Nxd4
cxd4 9. Ne2 d5 10. Ng3 dxe4 11. Bxe4 O-O 12. d3 Qc7 13. Qe2 Bd7 14. Bd2 Nc6 15.
Bf3 Rfe8 16. Rac1 Rac8 17. Ne4 b6 18. Qf2 f5 19. Ng5 h6 20. Nh3 e5 21. fxe5 Nxe5
22. Bd5+ Be6 23. Bxe6+ Rxe6 24. Nf4 Rc6 25. Nd5 Qd6 26. Nb4 R6c7 27. Na6 Rxc2
28. Rxc2 Rxc2 29. Qe2 Rxb2 30. Rc1 Rxa2 31. Nc7 Ng4 32. g3 Ne3 33. Ne8 Qa3 34.
Qe1 Qxd3 35. Nxg7 Kxg7 36. Rc7+ Kf6 37. Bb4 Rg2+ 38. Kh1 Re2 39. Be7+ Ke6 40.
Rc6+ Kd7 {White resigns} 0-1

[Event "Team 45 45 League T58"]
[Site "Internet Chess Club"]
[Date "2013.08.26"]
[Round "1"]
[White "frank001"]
[Black "bobhill"]
[Result "0-1"]
[WhiteElo "1752"]
[BlackElo "1969"]
[Opening "Queen's pawn: stonewall attack"]
[ECO "D00"]
[Time "23:00:57"]
[TimeControl "2700+45"]

1. d4 d5 2. e3 Nf6 3. Bd3 g6 4. Nd2 Bg7 5. f4 Bg4 6. Ngf3 Nc6 7. c3 e6 8. O-O a6
9. Qe1 Ne7 10. Ne5 Bf5 11. e4 dxe4 12. Nxe4 Bxe4 13. Bxe4 Nxe4 14. Qxe4 c6 15.
Be3 O-O 16. Bf2 Nf5 17. g4 Nd6 18. Qe2 Re8 19. Rad1 f6 20. Nf3 Nf7 21. Qc4 Qd7
22. h3 b5 23. Qe2 Qc7 24. Qe4 Bh6 25. Bg3 Ng5 26. Nxg5 Bxg5 27. Kg2 f5 28. Qf3
Bf6 29. Bf2 a5 30. Rfe1 Qd6 31. Rd2 Qd5 32. b3 a4 33. b4 Qc4 34. Rde2 Kf7 35. g5
Bg7 36. h4 Rad8 37. h5 Rd6 38. Kg3 Rd5 39. Rh1 Rd7 40. Be1 Rde7 41. Reh2 Rd7 42.
Re2 Rd5 43. Bf2 Bf8 44. hxg6+ hxg6 45. Rh7+ Bg7 46. Be1 Rh8 47. Rxh8 Bxh8 48.
Qe3 Rd6 49. Bf2 Bg7 50. Qd2 Rd8 51. Qe1 Qd5 52. Be3 Rh8 53. Qd2 Qh1 54. Rg2 Qf1
55. Qe2 Qb1 56. Bg1 Rh5 57. Qf3 Qe1+ 58. Bf2 Qh1 {White resigns} 0-1

[Event "Team 45 45 League T58"]
[Site "Internet Chess Club"]
[Date "2013.08.24"]
[Round "1"]
[White "chess9793"]
[Black "martineden"]
[Result "1-0"]
[WhiteElo "2129"]
[BlackElo "1908"]
[Opening "Pirc: Austrian attack, dragon formation"]
[ECO "B09"]
[Time "11:09:56"]
[TimeControl "2700+45"]

1. e4 d6 2. d4 Nf6 3. Nc3 g6 4. f4 Bg7 5. Nf3 c5 6. Bb5+ Bd7 7. e5 Ng4 8. e6
fxe6 9. Ng5 Bxb5 10. Nxb5 Qa5+ 11. c3 Qxb5 12. Qxg4 cxd4 13. Nxe6 Qc4 14. Nxg7+
Kf7 15. Nf5 Qe6+ 16. Ne3 dxe3 17. Qe2 Nd7 18. Bxe3 Rhf8 19. O-O Kg8 20. b3 b6
21. Rae1 Rae8 22. Qf2 Qf5 23. Qh4 Nf6 24. Bd4 Qg4 25. Bxf6 {Black resigns} 1-0

[Event "Team 45 45 League T58"]
[Site "Internet Chess Club"]
[Date "2013.08.24"]
[Round "1"]
[White "Stryker672"]
[Black "misuc56"]
[Result "1-0"]
[WhiteElo "2043"]
[BlackElo "1762"]
[Opening "Sicilian: Alapin's variation (2.c3)"]
[ECO "B22"]
[Time "16:00:08"]
[TimeControl "2700+45"]

1. e4 c5 2. c3 Nc6 3. d4 cxd4 4. cxd4 d6 5. Nc3 g6 6. Nf3 Bg7 7. h3 Bd7 8. Be3
a6 9. a3 h5 10. Rc1 Nf6 11. b4 O-O 12. Bc4 e6 13. Ba2 Na7 14. O-O Nb5 15. e5
dxe5 16. dxe5 Nxc3 17. Rxc3 Nh7 18. Rd3 a5 19. Rxd7 Qc8 20. b5 Qc3 21. Rd3 Qc8
22. Qd2 Qe8 23. a4 Rc8 24. Rd1 f6 25. exf6 Nxf6 26. Ng5 Nd5 27. Nxe6 {Black
resigns} 1-0

[Event "Team 45 45 League T58"]
[Site "Internet Chess Club"]
[Date "2013.08.22"]
[Round "1"]
[White "badmove"]
[Black "hood"]
[Result "1-0"]
[WhiteElo "1738"]
[BlackElo "1842"]
[Opening "Ruy Lopez: 5.O-O"]
[ECO "C78"]
[Time "16:17:46"]
[TimeControl "2700+45"]

1. e4 e5 2. Nf3 Nc6 3. Bb5 a6 4. Ba4 Nf6 5. O-O b5 6. Bb3 Bc5 7. a4 Rb8 8. axb5
axb5 9. Nxe5 Nxe5 10. d4 Bxd4 11. Qxd4 d6 12. f4 Nc6 13. Qc3 Bd7 14. e5 Ng8 15.
exd6 cxd6 16. Re1+ Kf8 17. Qd3 Qc7 18. Nc3 Nf6 19. Be3 Be6 20. Nxb5 Nb4 21. Nxc7
Nxd3 22. Nxe6+ fxe6 23. Red1 Nc5 24. Bxc5 dxc5 25. Bxe6 Ke7 26. Re1 Rhd8 27.
Ra7+ Kd6 28. f5 Kc6 29. Bc4 Re8 30. Ra6+ Rb6 31. Rxb6+ Kxb6 32. Rxe8 Nxe8 33.
Kf2 Kc6 34. Kf3 Nd6 35. Be6 Nb5 36. c3 Kd6 37. Kf4 Nc7 38. h4 h6 39. g4 Ke7 40.
Ke5 Na8 41. g5 hxg5 42. hxg5 Nc7 43. f6+ gxf6+ 44. gxf6+ Kf8 45. c4 Ne8 46. f7
Ng7 47. Kd6 Nh5 48. Kxc5 Nf4 49. Kd6 Nd3 50. b3 Nb4 51. c5 Na6 52. c6 Nc7 53.
Kxc7 Ke7 54. Bc4 Kf8 55. Kd7 Kg7 56. Ke7 Kg6 57. f8=Q Kg5 58. Qf6+ Kg4 59. c7
Kg3 60. c8=Q Kg2 61. Bd5+ Kg3 62. Qg8+ Kh3 63. Qh6# {Black checkmated} 1-0

[Event "Team 45 45 League T58"]
[Site "Internet Chess Club"]
[Date "2013.08.23"]
[Round "1"]
[White "yummy2"]
[Black "gazap"]
[Result "1-0"]
[WhiteElo "2320"]
[BlackElo "2172"]
[Opening "Sicilian: Nimzovich-Rossolimo attack (without ...d6)"]
[ECO "B30"]
[Time "16:00:55"]
[TimeControl "2700+45"]

1. e4 c5 2. Nf3 Nc6 3. Bb5 d6 4. O-O Bd7 5. c3 Nf6 6. Re1 a6 7. Ba4 b5 8. Bc2
Bg4 9. h3 Bh5 10. d3 e6 11. Nbd2 Be7 12. Nf1 Ne5 13. g4 Nxf3+ 14. Qxf3 Bg6 15.
Qg2 h5 16. g5 Nd7 17. h4 Ne5 18. f4 Ng4 19. Ne3 Nxe3 20. Bxe3 Rc8 21. Rf1 Qd7
22. Qf3 f5 23. d4 cxd4 24. Bxd4 O-O 25. exf5 Bxf5 26. Bxf5 Rxf5 27. Qxh5 Rcf8
28. Be3 e5 29. fxe5 dxe5 30. Qe2 Rxf1+ 31. Rxf1 Rxf1+ 32. Qxf1 Qg4+ 33. Qg2 Qxh4
34. Qd5+ Kh7 35. Qxe5 Qe1+ 36. Kg2 Qe2+ 37. Kg3 Bd6 38. g6+ Kg8 39. Qxd6 Qxe3+
40. Kg4 Qe4+ 41. Kg5 Qg2+ 42. Kf5 Qc2+ 43. Ke5 Qe2+ 44. Kd4 Qg4+ 45. Kc5 Qc4+
46. Kb6 Qc8 47. Qd5+ {Black resigns} 1-0

[Event "Team 45 45 League T58"]
[Site "Internet Chess Club"]
[Date "2013.08.26"]
[Round "1"]
[White "Pomberito"]
[Black "ARuperez"]
[Result "1/2-1/2"]
[WhiteElo "2148"]
[BlackElo "2077"]
[Opening "QGD: Petrosian variation"]
[ECO "D55"]
[Time "08:00:40"]
[TimeControl "2700+45"]

1. d4 e6 2. Nf3 Nf6 3. c4 d5 4. Nc3 Be7 5. Bg5 O-O 6. e3 h6 7. Bxf6 Bxf6 8. Rc1
c6 9. Bd3 Nd7 10. O-O dxc4 11. Bxc4 e5 12. h3 exd4 13. exd4 Nb6 14. Bb3 a5 15.
a3 Bf5 16. Re1 Qd6 17. Ne5 Rad8 18. Qh5 Bxe5 19. dxe5 Qg6 20. Qxg6 Bxg6 21. Rcd1
Bf5 22. g4 Be6 23. Bxe6 fxe6 24. Ne4 Nc4 25. Rxd8 Rxd8 26. Nc5 Rd5 27. Nxb7 Nxb2
28. Rc1 Nd3 29. Rxc6 Rxe5 30. Ra6 Re2 31. Rxa5 Nxf2 32. Kf1 Ra2 33. Nd8 e5 34.
Rxe5 Nxh3 35. Re8+ Kh7 36. Ne6 Rxa3 37. Re7 Kg6 38. Nxg7 Rg3 39. Ne8 {Game drawn
by mutual agreement} 1/2-1/2

[Event "Team 45 45 League T58"]
[Site "Internet Chess Club"]
[Date "2013.08.27"]
[Round "1"]
[White "HematiteBrown"]
[Black "steadman"]
[Result "1-0"]
[WhiteElo "2068"]
[BlackElo "2084"]
[Opening "Sicilian: Taimanov variation"]
[ECO "B48"]
[Time "20:30:08"]
[TimeControl "2700+45"]

1. e4 c5 2. Nf3 e6 3. d4 cxd4 4. Nxd4 Nc6 5. Nc3 Qc7 6. Be3 a6 7. Qd2 Nf6 8.
O-O-O Be7 9. f3 b5 10. Nxc6 dxc6 11. Qf2 O-O 12. Bc5 e5 13. g4 Be6 14. h4 Bxc5
15. Qxc5 Nd7 16. Qd6 Qa5 17. Qxc6 Rac8 18. Qd6 Rxc3 19. bxc3 Qxc3 20. Rd3 Qa1+
21. Kd2 Qxa2 22. Ra3 Qb2 23. Rxa6 Rc8 24. Bd3 Nc5 25. Rc6 Nb3+ 26. Ke3 Qd4+ 27.
Ke2 Rd8 28. Qa3 Qd7 29. Ra6 Nd4+ 30. Kf2 h5 31. Ra7 Qc8 32. Kg3 hxg4 33. h5 gxf3
34. h6 Ne2+ 35. Kxf3 Bg4+ 36. Ke3 Nf4 37. hxg7 Kxg7 38. Qe7 Qe6 39. Qg5+ Qg6 40.
Qxe5+ Qf6 41. Rh7+ Kg6 42. Rh6+ {Black resigns} 1-0

[Event "Team 45 45 League T58"]
[Site "Internet Chess Club"]
[Date "2013.08.26"]
[Round "1"]
[White "PoisonPawn"]
[Black "SlimeDog2"]
[Result "1/2-1/2"]
[WhiteElo "2072"]
[BlackElo "2059"]
[Opening "Evans gambit: compromised defense, Paulsen variation"]
[ECO "C52"]
[Time "20:00:17"]
[TimeControl "2700+45"]

1. e4 e5 2. Nf3 Nc6 3. Bc4 Bc5 4. b4 Bxb4 5. c3 Ba5 6. d4 exd4 7. Qb3 Qf6 8. O-O
dxc3 9. e5 Qg6 10. Nxc3 Nge7 11. Ba3 O-O 12. Rad1 a6 13. Bd3 Qh5 14. Ne4 Re8 15.
Neg5 h6 16. Nxf7 Nd5 17. Qxd5 Qxf7 18. Qe4 g5 19. Bc4 d5 20. Bxd5 Be6 21. h3
Rad8 22. Bxe6 {Game drawn by mutual agreement} 1/2-1/2

[Event "Team 45 45 League T58"]
[Site "Internet Chess Club"]
[Date "2013.08.26"]
[Round "1"]
[White "MisterDoob"]
[Black "waelag"]
[Result "1-0"]
[WhiteElo "2261"]
[BlackElo "2081"]
[Opening "Benoni: classical, 9...Re8, 10.Nd2"]
[ECO "A77"]
[Time "11:56:20"]
[TimeControl "2700+45"]

1. d4 Nf6 2. c4 c5 3. d5 e6 4. Nc3 exd5 5. cxd5 d6 6. e4 g6 7. Nf3 Bg7 8. Be2
O-O 9. O-O Re8 10. Nd2 Nbd7 11. a4 a6 12. a5 Rb8 13. Nc4 Nxe4 14. Nxe4 Rxe4 15.
Nxd6 Rd4 16. Qc2 Qe7 17. Nxc8 Rxc8 18. Be3 Rb4 19. Rfb1 Qe5 20. Bf3 c4 21. Ra2
Rb3 22. h3 Nc5 23. Qxc4 Rxe3 24. fxe3 Qxe3+ 25. Kh1 Re8 26. b4 Nd3 27. Re2 Nf2+
28. Kg1 Nxh3+ 29. Kh2 Be5+ 30. Kxh3 Qg5 31. Qg4 Qf6 32. Rb3 h5 33. Qh4 Qf5+ 34.
g4 Qc8 35. Rbe3 hxg4+ 36. Bxg4 f5 37. Rxe5 Rxe5 38. Rxe5 Qc3+ 39. Qg3 fxg4+ 40.
Kxg4 Qd4+ 41. Kh3 Kf7 42. Qe3 {Black resigns} 1-0

[Event "Team 45 45 League T58"]
[Site "Internet Chess Club"]
[Date "2013.08.27"]
[Round "1"]
[White "Campagnolo"]
[Black "Matusalen"]
[Result "0-1"]
[WhiteElo "2086"]
[BlackElo "2202"]
[Opening "Réti opening"]
[ECO "A30"]
[Time "21:02:24"]
[TimeControl "2700+45"]

1. Nf3 c5 2. c4 Nc6 3. d4 cxd4 4. Nxd4 Qb6 5. Nc2 e6 6. e3 Nf6 7. Nc3 Be7 8. Be2
O-O 9. O-O Rd8 10. Bf3 Ne5 11. Be2 d5 12. cxd5 Nxd5 13. Qd4 Qc7 14. Ne1 Nxc3 15.
Qxc3 Qxc3 16. bxc3 b6 17. Nc2 Bb7 18. Nd4 Rac8 19. Bb2 Nc4 20. Bxc4 Rxc4 21.
Rfd1 Bd5 22. a4 a6 23. f3 Rcc8 24. Kf2 Bc4 25. Ke1 g6 26. Rd2 e5 27. Ne2 Rxd2
28. Kxd2 Rd8+ 29. Ke1 f5 30. Ba3 Bxa3 31. Rxa3 Rd3 32. Nc1 Rxe3+ 33. Kd2 f4 34.
Ra1 Kf7 35. Rb1 b5 36. axb5 axb5 37. Ra1 h5 38. Ra7+ Kf6 39. Ra6+ Kf5 40. Rd6 e4
41. fxe4+ Rxe4 42. Nd3 Re3 43. Nc1 g5 44. Rh6 h4 45. Rh8 Kg4 46. Rh7 h3 {White
resigns} 0-1